 Dungeon Crawl Stone Soup version 0.26-a0-597-gb535b0901c (webtiles) character file.

Game seed: 3233391323672730357

532 Ge0ff the Poker (level 7, -4/57 HPs)
             Began as a Green Draconian Abyssal Knight on Aug 26, 2020.
             Was a Priest of Lugonu.
             Slain by a gnoll
             ... wielding a +0 whip
              (6 damage)
             ... on level 3 of the Dungeon.
             The game lasted 00:08:12 (4162 turns).

Ge0ff the Poker (Green Draconian Abyssal Knight)    Turns: 4162, Time: 00:08:13

Health: -4/57      AC:  7    Str: 15    XL:     7   Next: 3%
Magic:  8/8        EV: 12    Int: 12    God:    Lugonu [***...]
Gold:   145        SH:  0    Dex: 12    Spells: 6/6 levels left

rFire    . . .     SeeInvis .   b - +2 dagger (venom)
rCold    . . .     Faith    .   (no shield)
rNeg     . . .     Spirit   .   (armour unavailable)
rPois    +         Reflect  .   (helmet restricted)
rElec    .         Harm     .   (no cloak)
rCorr    .                      W - +0 pair of gloves
MR       .....                  (no boots)
Stlth    +.........             m - amulet of regeneration
HPRegen  0.59/turn              (no ring)
MPRegen  0.11/turn              (no ring)

@: no status effects
A: breathe noxious fumes, unfitting armour, poison resistance, cold-blooded, AC
+6
a: Breathe Noxious Fumes, Depart the Abyss, Bend Space, Banish, Renounce
Religion


You were on level 3 of the Dungeon.
You worshipped Lugonu.
Lugonu was most pleased with you.
You visited 1 branch of the dungeon, and saw 3 of its levels.
You visited the Abyss 1 time.

You collected 145 gold pieces.

Inventory:

Hand Weapons
 a - a +2 spear
 b - a +2 dagger of venom (weapon)
 V - a +0 halberd
 Z - a +0 dagger of venom
Missiles
 f - 126 stones (quivered)
 g - 3 throwing nets {=f}
 l - 20 sling bullets
Armour
 W - a +0 pair of gloves (worn)
Jewellery
 m - an amulet of regeneration (around neck)
Scrolls
 k - a scroll of amnesia
 B - a scroll of blinking
 C - a scroll of remove curse
 T - 3 scrolls of teleportation
Potions
 c - 2 potions of mutation
 q - 3 potions of curing
 M - a potion of might
 U - a potion of stabbing {unknown}
 X - a potion of ambrosia {unknown}
 Y - a potion of resistance {unknown}


   Skills:
 - Level 3.2 Fighting
 + Level 7.7 Polearms
 - Level 2.1 Dodging
 - Level 2.0 Invocations


You had 6 spell levels left.
You didn't know any spells.
Your spell library was empty.

Dungeon Overview and Level Annotations

Branches:
Dungeon (3/15)

Altars:
Gozag
Vehumet


Innate Abilities, Weirdness & Mutations

You can breathe blasts of noxious fumes.
Your lurid green scales are hard. (AC +6)
You cannot fit into any form of body armour.
Your system is resistant to poisons. (rPois)
You are cold-blooded and may be slowed by cold attacks.


Message History

The gnoll sergeant hits you with a +0 spear.
* * * LOW HITPOINT WARNING * * *
The gnoll hits you but does no damage. The gnoll hits you with a +0 whip.
* * * LOW HITPOINT WARNING * * *
The gnoll sergeant hits you with a +0 spear.
* * * LOW HITPOINT WARNING * * *
The gnoll hits you with a +0 whip.
* * * LOW HITPOINT WARNING * * *
The gnoll misses you. The gnoll closely misses you.
The gnoll sergeant hits you but does no damage.
The gnoll barely misses you. The gnoll misses you. The gnoll barely misses you.
You kill the gnoll!
Lugonu accepts your kill.
The gnoll sergeant hits you with a +0 spear!
* * * LOW HITPOINT WARNING * * *
The gnoll closely misses you. The gnoll completely misses you.
The gnoll misses you.
The gnoll sergeant hits you but does no damage.
The gnoll closely misses you. The gnoll hits you with a +0 whip.
You die...

#.............†...............
#.............................
#....≈≈≈≈≈≈†≈≈≈≈≈≈≈≈≈≈≈≈≈≈≈≈≈≈
#....≈≈≈≈≈≈≈≈≈≈≈≈≈≈≈≈≈≈†≈≈≈≈≈≈
#....≈≈#####≈≈≈≈≈≈≈≈≈≈≈≈≈≈≈≈≈≈
#....≈≈#g..#.............†....
#....≈≈#...###################
#....≈≈###'#.gg)((...(...
#....≈≈≈.#.#.@g)###(#####
#....≈≈≈.#.#..g.# (.
#....≈≈≈.#.###'## ...
#....≈≈≈.#....))#


ggg #.P..≈≈≈.#.))...# .g #....≈≈≈.#)###################
#....≈≈≈.#.#...........#....#. #....≈≈≈.#.'...........'....'.
#....≈≈###'#...........#....#. You could see a gnoll sergeant and 3 gnolls.

Vanquished Creatures
  An orc priest (D:2)
  3 gnoll shamans (D:3)
  5 adders
  25 gnolls
  A worm (D:3)
  2 dart slugs
  3 leopard geckos
  8 orcs
  2 ball pythons (D:3)
  12 bats
  4 giant cockroaches
  7 goblins
  8 hobgoblins
  17 jackals
  8 kobolds
  A quokka (D:2)
  6 frilled lizards
  11 rats
124 creatures vanquished.

Vanquished Creatures (others)
  2 plants (D:3)
2 creatures vanquished.

Grand Total: 126 creatures vanquished

Notes
Turn   | Place    | Note
-------+----------+-------------------------------------------
     0 | Abyss:1  | Ge0ff the Draconian Abyssal Knight began the quest for the
                  | Orb.
     0 | Abyss:1  | Reached XP level 1. HP: 19/19 MP: 2/2
     5 | Abyss:1  | Found a corrupted altar of Lugonu.
    79 | Abyss:1  | Noticed a small abomination
    81 | Abyss:1  | Noticed a thrashing horror
    84 | Abyss:1  | Noticed a seven-headed hydra skeleton
    90 | D:1      | Escaped the Abyss
   436 | D:1      | Reached * piety under Lugonu
   474 | D:1      | Reached XP level 2. HP: 26/26 MP: 3/3
   636 | D:1      | Reached skill level 3 in Polearms
   993 | D:1      | Reached XP level 3. HP: 31/31 MP: 4/4
  1168 | D:2      | Reached skill level 4 in Polearms
  1554 | D:2      | Found an opulent altar of Gozag.
  1570 | D:2      | Reached XP level 4. HP: 38/38 MP: 5/5
  1847 | D:1      | Reached ** piety under Lugonu
  1936 | D:2      | Reached skill level 5 in Polearms
  2263 | D:2      | Reached XP level 5. HP: 45/45 MP: 6/6
  3330 | D:3      | Found a radiant altar of Vehumet.
  3430 | D:3      | Reached skill level 6 in Polearms
  3515 | D:3      | Reached XP level 6. HP: 44/51 MP: 7/7
  3556 | D:3      | Reached *** piety under Lugonu
  3855 | D:3      | Reached skill level 7 in Polearms
  4150 | D:3      | Your scales start taking on a lurid green colour.
  4150 | D:3      | Reached XP level 7. HP: 55/57 MP: 8/8
  4150 | D:3      | Gained mutation: Your system is resistant to poisons.
                  | (rPois) [Green Draconian growth]
  4161 | D:3      | HP: 1/57 [gnoll sergeant/+0 spear (8)]
  4162 | D:3      | Slain by a gnoll

Illustrated notes

Levels and vault maps discovered:
D:1:      dpeg_arrival_more_subterranean_lakeside_camping, layout_basic
D:2:      layout_basic, lemuel_round_altar, st_stairs_5,
          chequers_serial_rivers_marsh
D:3:      lemuel_castle_with_subvaults [lemuel_castle_interior_carwin_1],
          layout_basic, vehumet_crystals

Skill      XL: |  1  2  3  4  5  6 |
---------------+-------------------+-----
Polearms       | 3 4 5 6 7 |  7.7
Fighting       | |  3.2
Dodging        | |  2.1
Invocations    | |  2.0

Action                   |  1- 3 |  4- 6 |  7- 9 || total
-------------------------+-------+-------+-------++-------
Melee: Spear             |   126 |   184 |       ||   310
       Tailslap          |     7 |    33 |       ||    40
       Dagger            |       |   108 |     2 ||   110
Throw: Stone             |    40 |   126 |       ||   166
Invok: Depart the Abyss  |     1 |       |       ||     1
  Use: Scroll            |     2 |     6 |     1 ||     9
Armor: Skin              |    33 |    69 |     4 ||   106
Dodge: Dodged            |    40 |   140 |    12 ||   192

Table legend: (Time is in decaauts)
 A = Elapsed time spent in this place.
 B = Non-inter-level travel time spent in this place.
 C = Inter-level travel time spent in this place.
 D = Time resting spent in this place.
 E = Time spent auto-exploring this place.
 F = Levels seen in this place.
 G = Mean time per level.
                   A        B        C        D        E       F      G
               +--------+--------+--------+--------+--------+-----+--------+
         Total |   4167 |   4144 |     23 |      3 |   2833 |   4 | 1041.8 |
       Dungeon |   4076 |   4053 |     23 |      3 |   2813 |   3 | 1358.7 |
         Abyss |     91 |     91 |      0 |      0 |     20 |   1 |   91.0 |
               +--------+--------+--------+--------+--------+-----+--------+

Top non-repeatable levels by time:
     D:3: 1718 daAuts
     D:1: 1242 daAuts
     D:2: 1114 daAuts
 Abyss:1: 91 daAuts
